 Dungeon Crawl Stone Soup version 0.18.1-48-g4cf74bf (webtiles) character file.

433 Anatei the Magician (level 6, -1/32 HPs)
             Began as a Deep Elf Fire Elementalist on Aug 23, 2016.
             Was an Initiate of Sif Muna.
             Killed from afar by Anatei's ghost (12 damage)
             ... with a puff of flame
             ... on level 4 of the Dungeon.
             The game lasted 00:23:23 (2521 turns).

Anatei the Magician (Deep Elf Fire Elementalist)    Turns: 2521, Time: 00:23:24

Health: -1/32      AC:  4    Str:  5    XL:     6   Next: 67%
Magic:  2/17       EV: 13    Int: 22    God:    Sif Muna [......]
Gold:   234        SH:  0    Dex: 15    Spells: 2 memorised, 14 levels left

rFire  . . .     SeeInvis .     g - +2 short sword (venom)
rCold  . . .     Gourm    .     a - +1 robe
rNeg   . . .     Faith    .     (no shield)
rPois  +         Spirit   .     (no helmet)
rElec  .         Dismiss  .     (no cloak)
rCorr  .         Reflect  .     (no gloves)
SustAt .         Harm     .     q - +0 pair of boots
MR     .....                    (no amulet)
Stlth  ++........               (no ring)
                                s - ring of poison resistance

@: not resistant to hostile enchantments, unstealthy
A: no striking features
a: Renounce Religion


You were on level 4 of the Dungeon.
You worshipped Sif Muna.
Sif Muna was noncommittal.
You were not hungry.

You visited 1 branch of the dungeon, and saw 4 of its levels.

You collected 234 gold pieces.

Inventory:

Hand Weapons
 g - a +2 short sword of venom (weapon)
Armour
 a - a +1 robe (worn)
 q - a +0 pair of boots (worn)
Jewellery
 s - a ring of poison resistance (left hand)
Wands
 t - a wand of confusion (38/48)
Scrolls
 d - a scroll of enchant armour
 f - 2 scrolls of identify
 h - a scroll of recharging
 r - 3 scrolls of random uselessness {unknown}
 v - 2 scrolls of remove curse {unknown}
 w - a scroll of fear {unknown}
Potions
 e - a potion of haste {unknown}
 i - a potion of brilliance {unknown}
 k - 3 potions of might {unknown}
 l - a potion of degeneration {unknown}
 m - 2 potions of mutation {unknown}
 o - a potion of ambrosia {unknown}
 u - a potion of flight {unknown}
Books
 b - a book of Flames

   Spells                             Type                      Level
   a - Flame Tongue                   Conjuration/Fire             1
   b - Throw Flame                    Conjuration/Fire             2
   c - Conjure Flame                  Conjuration/Fire             3
   d - Inner Flame                    Hexes/Fire                   3
   e - Sticky Flame                   Conjuration/Fire             4
   f - Fireball                       Conjuration/Fire             5
Comestibles
 c - a bread ration
 j - 5 beef jerkies
 p - 5 meat rations


   Skills:
 - Level 2.4 Dodging
 - Level 2.4 Stealth
 + Level 6.1 Spellcasting
 + Level 4.2 Conjurations
 + Level 5.5 Fire Magic


You had 14 spell levels left.
You knew the following spells:

 Your Spells              Type           Power        Failure   Level  Hunger
a - Flame Tongue          Conj/Fire      ####.        1%          1    None
b - Throw Flame           Conj/Fire      ####..       1%          2    None


Dungeon Overview and Level Annotations

Branches:
Dungeon (4/15)             Temple (0/1) D:4

Altars:
Ashenzari
Okawaru
Sif Muna
Xom

Annotations:
D:4 Anatei's ghost, amateur DEFE


Message History

The flame tongue misses Anatei's ghost.
Anatei's ghost hits you.
* * * LOW HITPOINT WARNING * * *
Drink which item? (? for menu, Esc to quit)
You feel better.
Anatei's ghost gestures at you while chanting.
The flame tongue hits you!
Drink which item? (? for menu, Esc to quit)
You feel better.
Anatei's ghost gestures at you while chanting.
The puff of flame hits you!
Casting: Flame Tongue
Confirm with . or Enter, or press ? or * to list all spells.
Aiming: Flame Tongue
Press: ? - help, Shift-Dir - straight line, f/p - Anatei's ghost
Aim: Anatei's ghost (severely damaged)
The flame tongue hits Anatei's ghost.
Anatei's ghost is severely damaged.
Anatei's ghost points at you and mumbles some strange words.
The puff of flame hits you!
You die...

#.⌠.# #.#
####...#####.#
#.^........#(#
##.⌠..>..⌠....#
#..........##.#
###
..###...#####.#...
#.⌠)# ##.#.#
#...####....#####
##.#...@W..[.....
#........######.
#.##.##.## #.
#....# #. #.#...
#. ..#[).. #.
..#.....
........##


You could see Anatei's ghost.

Vanquished Creatures
  An ogre (D:4)
  A scorpion (D:3)
  A centaur skeleton (D:4)
  An orc wizard (D:3)
  Jessica (D:3)
  Natasha (thrice) (D:2)
  3 gnolls (D:3)
  5 adders
  An ooze (D:1)
  2 worms
  A dart slug (D:2)
  2 giant geckos (D:1)
  4 orcs (D:3)
  2 giant cockroaches (D:2)
  3 goblins
  5 hobgoblins
  4 jackals (D:2)
  3 kobolds
  A quokka (D:2)
  A ball python (D:4)
  2 bats
  A giant gecko skeleton (D:4)
  3 giant newts
  6 rats
57 creatures vanquished.

Notes
Turn   | Place    | Note
--------------------------------------------------------------
     0 | D:1      | Anatei the Deep Elf Fire Elementalist began the quest for the Orb.
     0 | D:1      | Reached XP level 1. HP: 10/10 MP: 6/6
   347 | D:1      | Reached XP level 2. HP: 15/15 MP: 5/8
   351 | D:1      | Learned a level 2 spell: Throw Flame
   906 | D:2      | Reached XP level 3. HP: 15/19 MP: 0/10
   960 | D:2      | Noticed Natasha
   972 | D:2      | Killed Natasha
   972 | D:2      | Reached skill level 4 in Spellcasting
  1009 | D:2      | Found a shimmering altar of Xom.
  1059 | D:2      | Noticed Natasha
  1068 | D:2      | Killed Natasha
  1068 | D:2      | Reached XP level 4. HP: 8/24 MP: 2/12
  1223 | D:2      | Noticed Natasha
  1280 | D:2      | Killed Natasha
  1428 | D:2      | Found a shattered altar of Ashenzari.
  1726 | D:3      | Reached skill level 5 in Spellcasting
  1726 | D:3      | Reached XP level 5. HP: 28/28 MP: 9/14
  1845 | D:3      | Found an iron altar of Okawaru.
  1909 | D:3      | Found a deep blue altar of Sif Muna.
  1915 | D:3      | Became a worshipper of Sif Muna the Loreminder
  2023 | D:3      | Noticed Jessica
  2025 | D:3      | Killed Jessica
  2025 | D:3      | Reached skill level 5 in Fire Magic
  2153 | D:3      | Reached XP level 6. HP: 28/32 MP: 7/16
  2480 | D:4      | Found a staircase to the Ecumenical Temple.
  2498 | D:4      | Reached skill level 6 in Spellcasting
  2507 | D:4      | Noticed Anatei's ghost (amateur DEFE)
  2521 | D:4      | Killed from afar by Anatei's ghost

Skill      XL: |  1  2  3  4  5  6 |
---------------+-------------------+-----
Conjurations   | 2 3 4 |  4.2
Spellcasting   | 4 5 6 |  6.1
Fire Magic     | 4 5 |  5.5
Dodging        | |  2.4
Stealth        | |  2.4

Action                   |  1- 3 |  4- 6 || total
-------------------------+-------+-------++-------
Melee: Hand axe          |     8 |     5 ||    13
       Short sword       |       |     1 ||     1
 Cast: Flame Tongue      |    39 |   100 ||   139
       Throw Flame       |     1 |     4 ||     5
  Use: Potion            |       |     3 ||     3
       Scroll            |       |     6 ||     6
  Eat: Chunk             |       |     2 ||     2
       Bread ration      |       |     1 ||     1
Armor: Robe              |     6 |     8 ||    14
Dodge: Dodged            |    24 |    30 ||    54
